r e k t, neutral male scurrid Tourist --- |@. |.& r e k t the Rambler Experience level: 1 Strength: 15 Dexterity: 12 Constitution: 14 Intelligence: 13 Wisdom: 10 Charisma: 15 Health: 0(9) Energy: 2(2) Def: 0 Gold: 475 Moves: 33 Dungeon seed: TDT_XAIBCG8z4S2o Game ID: r e k t_1498626553 Your Inventory: Coins $ - 475 gold pieces Weapons a - 54 uncursed +2 darts (in quiver) Armor e - an uncursed +0 Hawaiian shirt (being worn) Comestibles b - an uncursed cram ration c - an uncursed cream pie d - an uncursed egg f - an uncursed banana g - 4 uncursed food rations h - an uncursed chestnut i - an uncursed tripe ration j - 2 uncursed apples Scrolls l - 4 uncursed scrolls of magic mapping q - an uncursed scroll of destroy armor Potions k - 2 uncursed potions of extra healing Wands o - an uncursed wand of secret door detection (0:15) Tools m - an uncursed expensive camera (0:87) n - an uncursed credit card p - an uncursed leash Spells and supernatural/magical abilities: Name Level Category Fail Memory W - pray for help -- divine ? -- Your skills at the end: Miscellaneous Skills wands [Basic] Weapon Skills dart [Basic] Spellcasting Skills Final Attributes: You were devoutly aligned. You had infravision. You were very stealthy. You are dead. Vanquished creatures: a gnome Voluntary challenges: You went without food. You did not adorn yourself with jewelry or accessories. You did not cause conflict. You were not invisible. You did not have reflection. You were not displaced. You were an atheist. You never hit with a wielded weapon. You were a pacifist. You did not use tools. You did not use plumbed fixtures. You did not drink any magical draughts. You were illiterate. You never genocided any monsters. You never polymorphed an object. You never changed form. You used no wishes. You never split a pudding. You never wrote Elbereth's name. You never violated your personal moral code. Dungeon overview: The Dungeons of Doom: levels 1 to 14 Level 1 a long staircase Level 2 Level 3 Level 4 Level 5 Level 6 a long staircase Level 7 Level 8 Level 9 a fountain Level 10 Level 11 Level 12 Level 13 a scroll shop Level 14 <- You were here History has recorded: On T:1 you entered the Dungeons of Doom to retrieve the Amulet of Yendor! On T:4 you reached level 2 of The Dungeons of Doom. On T:6 you reached level 3 of The Dungeons of Doom. On T:8 you reached level 4 of The Dungeons of Doom. On T:10 you reached level 5 of The Dungeons of Doom. On T:13 you reached level 6 of The Dungeons of Doom. On T:15 you reached level 7 of The Dungeons of Doom. On T:17 you reached level 8 of The Dungeons of Doom. On T:19 you reached level 9 of The Dungeons of Doom. On T:22 you reached level 10 of The Dungeons of Doom. On T:25 you reached level 11 of The Dungeons of Doom. On T:28 you reached level 12 of The Dungeons of Doom. On T:30 you reached level 13 of The Dungeons of Doom. Score breakdown: Gold: 0 ( 0 points) Experience: 1 level ( 0 points) Exploration: 14 levels ( 390 points) Discoveries: 1 item ( 50 points) Variety of kills: 1 monster ( 50 points) Major goal: (nothing yet) ( 0 points) Survival: died (score multiplied by 3) Total score: 1470 Latest messages: You continue digging downward. You dig a hole through the floor. You fall through... "Aloha, r e k t! Welcome to Droichead Atha's second-hand bookstore!" You see here a scroll labeled XIXAXA XOXAXA XUXAXA (178 zorkmids). You start digging downward. "Be careful, sir, or you might fall through the floor." You continue digging downward. You dig a pit in the floor. You continue digging downward. You dig a hole through the floor. You fall through... The adjacent object falls through the hole. You owe Something 178 zorkmids for goods lost. You escaped the shop without paying! You stole 178 zorkmids worth of merchandise. An alarm sounds! The Keystone Kops are after you! q - a scroll labeled XIXAXA XOXAXA XUXAXA. You start digging downward. The incubus punches you! (2x) You die... Final status: Aloha r e k t the Tourist, killed by an incubus... You died in The Dungeons of Doom on dungeon level 14 with 1470 points, and 475 pieces of gold, after 33 moves. You were level 1 with a maximum of 9 hit points when you died.